 Dungeon Crawl Stone Soup version 0.26-a0-690-gcb57259078 (webtiles) character file.

Game seed: 3068338165949333229

32194 Gargoyl the Fighter (level 13, -4/104 HPs)
             Began as a Gnoll Abyssal Knight on Oct 24, 2020.
             Was a High Priest of Lugonu.
             Slain by an anaconda simulacrum (14 damage)
             ... on level 4 of the Lair of Beasts.
             The game lasted 00:22:09 (19202 turns).

Gargoyl the Fighter (Gnoll Abyssal Knight)         Turns: 19202, Time: 00:22:10

Health: -4/104     AC: 26    Str: 21    XL:     13   Next: 63%
Magic:  25/25      EV: 13    Int: 17    God:    Lugonu [*****.]
Gold:   427        SH:  5    Dex: 17    Spells: 28/28 levels left

rFire    + . .     SeeInvis .   C - +9 staff of Olgreb {rPois∞}
rCold    . . .     Faith    .   (no shield)
rNeg     . . .     Spirit   .   p - +8 chain mail "Ragoin" {rF+}
rPois    ∞         Reflect  +   j - +1 hat of Midsummer {MR++}
rElec    .         Harm     .   q - +1 cloak
rCorr    .         Rampage  .   B - +2 pair of gloves
MR       ++...     Rnd*Rage +   (no boots)
Stlth    ++........             A - amulet of reflection
HPRegen  0.27/turn              (no ring)
MPRegen  0.19/turn              (no ring)

@: no status effects
A: distributed training, fangs 1, thin skeletal structure 1, berserk 1, clever
1, strong 1, subdued magic 1, strong nose
a: Depart the Abyss, Bend Space, Banish, Corrupt, Enter the Abyss, Renounce
Religion


You were on level 4 of the Lair of Beasts.
You worshipped Lugonu.
Lugonu was extremely pleased with you.
You visited 2 branches of the dungeon, and saw 13 of its levels.
You visited the Abyss 1 time.

You collected 799 gold pieces.
You spent 372 gold pieces at shops.

Inventory:

Hand Weapons
 a - a +2 hand axe
 n - a +0 hand axe of flaming
 r - a +3 quarterstaff of chaos
 C - the +9 staff of Olgreb (weapon) {rPois∞}
   (You found it on level 9 of the Dungeon)

   It grants immunity to poison.
Missiles
 d - 24 poisoned darts
 G - 5 curare-tipped darts (quivered)
Armour
 j - the +1 hat of Midsummer (worn) {MR++}
   (You acquired it on level 9 of the Dungeon)

   It affects your resistance to hostile enchantments.
 p - the +8 chain mail "Ragoin" (worn) {rF+}
   (You found it on level 4 of the Lair of Beasts)

   It protects you from fire.
 q - a +1 cloak (worn)
 B - a +2 pair of gloves (worn)
 E - a +3 chain mail of fire resistance
Jewellery
 y - an uncursed ring of stealth {unknown}
 A - an amulet of reflection (around neck)
 D - an uncursed ring of protection from magic {unknown}
Wands
 i - a wand of iceblast (24)
 s - a wand of acid (24)
 u - a wand of random effects (10)
 F - a wand of flame (39)
Scrolls
 b - 4 scrolls of blinking
 c - 3 scrolls of identify
 h - 3 scrolls of remove curse
 o - 2 scrolls of teleportation
 t - a scroll of magic mapping {unknown}
 w - a scroll of fear
Potions
 e - a potion of cancellation
 f - a potion of curing
 g - a potion of haste
 k - 3 potions of invisibility
 l - a potion of berserk rage
 m - 2 potions of magic
 v - a potion of flight
 x - a potion of mutation
 z - 2 potions of resistance


   Skills:
 + Level 10.6 Fighting
 + Level 8.4 Short Blades
 + Level 8.4 Long Blades
 + Level 9.6 Axes
 + Level 8.4 Maces & Flails
 + Level 8.4 Polearms
 + Level 8.4 Staves
 + Level 8.4 Slings
 + Level 8.4 Bows
 + Level 8.4 Crossbows
 + Level 8.4 Throwing
 + Level 9.6 Armour
 + Level 8.9 Dodging
 + Level 8.4 Stealth
 + Level 8.4 Shields
 + Level 8.4 Unarmed Combat
 + Level 8.4 Spellcasting
 + Level 7.0 Conjurations
 + Level 7.0 Hexes
 + Level 7.0 Summonings
 + Level 7.0 Necromancy
 + Level 7.0 Translocations
 + Level 7.0 Transmutations
 + Level 7.0 Fire Magic
 + Level 7.0 Ice Magic
 + Level 7.0 Air Magic
 + Level 7.0 Earth Magic
 + Level 7.0 Poison Magic
 + Level 10.3 Invocations
 + Level 8.4 Evocations


You had 28 spell levels left.
You didn't know any spells.
Your spell library contained the following spells:

 Spells                   Type           Power        Failure   Level
 Bolt of Magma            Conj/Fire/Erth ###.......   67%         5
 Iskenderun's Battlesphe  Conj           ###.....     67%         5
 Iron Shot                Conj/Erth      ###.......   99%         6
 Orb of Destruction       Conj           ###.......   100%        7
 Spellforged Servitor     Conj/Summ      ###.......   100%        7


Dungeon Overview and Level Annotations

Branches:
Dungeon (9/15)             Temple (0/1) D:7            Lair (4/6) D:8
 Shoals (0/4) Lair:3       Spider (0/4) Lair:3
    Orc: D:9-12

Altars:
Nemelex Xobeh
Sif Muna
Uskayaw
Wu Jian
The Shining One

Shops:
D:5 ?   D:7 !

Annotations:
D:9 1 runed translucent door
Lair:3 3 runed translucent doors, Afiewiwi's ghost, journeyman MiFi; Wizop's ghost, journeyman DsBr; shin's ghost, journeyman MfSu
Abyss:1 Urug


Innate Abilities, Weirdness & Mutations

Your experience applies equally to all skills.
You have very sharp teeth.
Your uncanny sense of smell can sniff out nearby items.
You have a somewhat thin skeletal structure. (Dex +2, Stealth)
You tend to lose your temper in combat.
Your mind is acute. (Int +2)
Your muscles are strong. (Str +2)
Your spells are a little easier to cast, but a little less powerful.


Message History

The anaconda simulacrum closely misses you.
The anaconda simulacrum bites you but does no damage.
The anaconda simulacrum constricts you but does no damage.
The anaconda simulacrum misses you.
You hit the anaconda simulacrum. You bite the anaconda simulacrum.
The anaconda simulacrum is almost destroyed.
The anaconda simulacrum constricts you but does no damage.
The anaconda simulacrum barely misses you.
You feel better.
The anaconda simulacrum barely misses you. x3
The anaconda simulacrum bites you but does no damage.
You hit the anaconda simulacrum but do no damage.
You envenom the anaconda simulacrum.
Your bite misses the anaconda simulacrum.
The anaconda simulacrum is almost destroyed.
You block the anaconda simulacrum's attack.
The anaconda simulacrum bites you!
* * * LOW HITPOINT WARNING * * *
The anaconda simulacrum freezes you!
You die...

..# ##.####○○°####.#### ##....#.
### #.#°.°.°☼°°°#....## #......#
# #.#☼°○°○°○°○#.....####...... #
##.#.○°○°.°.°#.....#.####.... ###
#..#.○°[.Z.○.##.....## ##... .[#
##.#○☼○(©$°°.#....P## #... .##
#.###########.....## ##.> .##
#......©.##.#......# #...
..#####.P.....ZZ@......#######..#
.÷.#..#........#.#.....# #.....##
..........##..###......###..#..(#
##........#..#####....##.#.......
.........(..####......#....#....#
.........#............#........##
....^##.##......).....#.##.....##
....######.......<.(.........####
###.##....####................##


You could see a water moccasin simulacrum and an anaconda simulacrum.

Vanquished Creatures
  Snorg (Lair:3)
  Harold (D:8)
  5 hydras
  3 death yaks
  Sonja (Lair:3)
  6 elephants (Lair:3)
  Joseph (D:7)
  7 cane toads
  Maggie (D:9)
  6 komodo dragons
  3 rime drakes
  An anaconda simulacrum (Lair:4)
  2 polar bears (Lair:4)
  A hornet (D:8)
  Grinder (D:5)
  18 blink frogs
  A snapping turtle (Lair:3)
  Eustachio (D:5)
  A wyvern (Lair:4)
  26 yaks
  Grum (D:9)
  Menkaure (D:4)
  A basilisk (Lair:4)
  5 soldier ants (D:9)
  10 water moccasins
  2 swamp worms (D:7)
  Duvessa (D:5)
  2 ice beasts (D:7)
  3 orc warriors
  2 sky beasts
  2 black bears (D:9)
  2 necrophages
  11 wolves
  6 ogres
  A centaur (D:6)
  A big kobold (D:9)
  19 bullfrogs
  Dowan (D:5)
  6 scorpions
  2 water moccasin skeletons
  9 killer bees (D:9)
  2 howler monkeys (D:9)
  4 wights (D:7)
  2 electric eels (Lair:4)
  A bullfrog zombie (D:6)
  7 orc priests
  4 hounds
  Crazy Yiuf (D:4)
  A bullfrog skeleton (D:9)
  A centaur skeleton (D:4)
  3 jellies
  7 orc wizards
  A water moccasin simulacrum (Lair:4)
  A gnoll shaman (D:7)
  11 worker ants
  A killer bee zombie (D:9)
  A hound skeleton (D:4)
  A howler monkey zombie (D:8)
  17 gnolls
  13 adders
  2 white imps
  An ufetubus (D:8)
  An ooze (D:6)
  2 adder skeletons
  4 worms (D:2)
  4 dart slugs
  5 leopard geckos
  19 orcs
  2 giant cockroaches
  11 goblins
  8 hobgoblins
  15 jackals
  12 kobolds
  3 quokkas
  2 ball pythons
  6 bats
  2 frilled lizards
  2 goblin skeletons (D:6)
  4 hobgoblin zombies (D:6)
  2 kobold zombies (D:6)
  A leopard gecko skeleton (D:4)
  3 orc zombies (D:6)
  A quokka zombie (D:8)
  2 rats (D:2)
368 creatures vanquished.

Vanquished Creatures (others)
  A white imp (D:9)
  19 fungi
  36 plants
  4 withered plants (Lair:3)
60 creatures vanquished.

Grand Total: 428 creatures vanquished

Notes
Turn   | Place    | Note
-------+----------+-------------------------------------------
     0 | Abyss:1  | Gargoyl the Gnoll Abyssal Knight began the quest for the
                  | Orb.
     0 | Abyss:1  | Reached XP level 1. HP: 23/23 MP: 3/3
    75 | Abyss:1  | Noticed a large abomination
    77 | Abyss:1  | Noticed a large abomination
    80 | D:1      | Escaped the Abyss
   129 | D:1      | Reached XP level 2. HP: 29/29 MP: 5/5
   180 | D:1      | Reached * piety under Lugonu
   476 | D:1      | Reached XP level 3. HP: 35/35 MP: 6/6
   888 | D:2      | Reached skill level 1 in Short Blades
   888 | D:2      | Reached skill level 1 in Long Blades
   888 | D:2      | Reached skill level 1 in Maces & Flails
   888 | D:2      | Reached skill level 1 in Polearms
   888 | D:2      | Reached skill level 1 in Staves
   888 | D:2      | Reached skill level 1 in Slings
   888 | D:2      | Reached skill level 1 in Bows
   888 | D:2      | Reached skill level 1 in Crossbows
   888 | D:2      | Reached skill level 1 in Throwing
   888 | D:2      | Reached skill level 1 in Stealth
   888 | D:2      | Reached skill level 1 in Shields
   888 | D:2      | Reached skill level 1 in Unarmed Combat
   888 | D:2      | Reached skill level 1 in Spellcasting
   888 | D:2      | Reached skill level 1 in Evocations
   922 | D:2      | Reached XP level 4. HP: 41/41 MP: 7/7
   985 | D:2      | Reached skill level 1 in Conjurations
   985 | D:2      | Reached skill level 1 in Hexes
   985 | D:2      | Reached skill level 1 in Summonings
   985 | D:2      | Reached skill level 1 in Necromancy
   985 | D:2      | Reached skill level 1 in Translocations
   985 | D:2      | Reached skill level 1 in Transmutations
   985 | D:2      | Reached skill level 1 in Fire Magic
   985 | D:2      | Reached skill level 1 in Ice Magic
   985 | D:2      | Reached skill level 1 in Air Magic
   985 | D:2      | Reached skill level 1 in Earth Magic
   985 | D:2      | Reached skill level 1 in Poison Magic
  1170 | D:2      | Reached ** piety under Lugonu
  1345 | D:2      | Reached XP level 5. HP: 46/47 MP: 8/8
  2011 | D:3      | Found a sparkling altar of Nemelex Xobeh.
  2013 | D:3      | Found an ornate altar of the Wu Jian Council.
  2153 | D:3      | Gained mutation: You are weak. (Str -2) [potion of
                  | mutation]
  2153 | D:3      | Gained mutation: You tend to lose your temper in combat.
                  | [potion of mutation]
  2153 | D:3      | Gained mutation: Your spells are a little easier to cast,
                  | but a little less powerful. [potion of mutation]
  2153 | D:3      | Gained mutation: You have a somewhat thin skeletal
                  | structure. (Dex +2, Stealth) [potion of mutation]
  2187 | D:3      | Noticed a +0 dagger
  2188 | D:3      | Noticed a +0 dagger
  2191 | D:3      | Found a hide-covered altar of Uskayaw.
  2343 | D:4      | Noticed a necrophage
  2351 | D:4      | Killed a necrophage
  2351 | D:4      | Reached skill level 5 in Invocations
  2351 | D:4      | Reached XP level 6. HP: 44/52 MP: 9/9
  2518 | D:4      | You fall into a shaft and drop 1 floor!
  2518 | D:5      | Entered Level 5 of the Dungeon
  2685 | D:4      | Lost mutation: You are weak. (Str -2) [potion of mutation]
  2685 | D:4      | Gained mutation: Your mind is acute. (Int +2) [potion of
                  | mutation]
  2685 | D:4      | Gained mutation: Your muscles are strong. (Str +2) [potion
                  | of mutation]
  2698 | D:4      | Reached skill level 5 in Axes
  2698 | D:4      | Reached skill level 5 in Armour
  2986 | D:4      | Reached XP level 7. HP: 41/58 MP: 10/10
  3753 | D:4      | Found a runed translucent door.
  3754 | D:4      | Noticed Crazy Yiuf
  3961 | D:4      | Noticed Menkaure
  3974 | D:4      | Killed Menkaure
  4256 | D:4      | Reached XP level 8. HP: 52/66 MP: 12/12
  4446 | D:4      | Killed Crazy Yiuf
  4549 | D:5      | Noticed Grinder
  4550 | D:5      | Paralysed by Grinder for 2 turns
  4556 | D:5      | Paralysed by Grinder for 2 turns
  4560 | D:5      | Killed Grinder
  4560 | D:5      | Reached *** piety under Lugonu
  4714 | D:5      | Found Wotuac's Magic Scroll Boutique.
  4897 | D:5      | Bought a scroll of blinking for 105 gold pieces
  4897 | D:5      | Bought a scroll of teleportation for 42 gold pieces
  4903 | D:5      | Noticed Duvessa
  4904 | D:5      | Noticed Dowan
  4916 | D:5      | Killed Duvessa
  4935 | D:5      | Killed Dowan
  5181 | D:5      | Noticed Eustachio
  5217 | D:5      | Killed Eustachio
  5546 | D:6      | Reached XP level 9. HP: 39/72 MP: 14/14
  5735 | D:6      | Found a glowing golden altar of the Shining One.
  6483 | D:7      | Found a staircase to the Ecumenical Temple.
  6497 | D:7      | Reached **** piety under Lugonu
  6607 | D:7      | Reached skill level 5 in Dodging
  6889 | D:7      | Found Rofinn's Distillery.
  6906 | D:7      | Bought 2 potions of heal wounds for 150 gold pieces
  6906 | D:7      | Bought a potion of heal wounds for 75 gold pieces
  7231 | D:7      | Noticed Joseph
  7249 | D:7      | Killed Joseph
  7256 | D:7      | Reached XP level 10. HP: 43/79 MP: 15/17
  7758 | D:7      | Found a shimmering blue altar of Sif Muna.
  8204 | D:8      | Reached skill level 5 in Short Blades
  8204 | D:8      | Reached skill level 5 in Long Blades
  8204 | D:8      | Reached skill level 5 in Maces & Flails
  8204 | D:8      | Reached skill level 5 in Polearms
  8204 | D:8      | Reached skill level 5 in Staves
  8204 | D:8      | Reached skill level 5 in Slings
  8204 | D:8      | Reached skill level 5 in Bows
  8204 | D:8      | Reached skill level 5 in Crossbows
  8204 | D:8      | Reached skill level 5 in Throwing
  8204 | D:8      | Reached skill level 5 in Stealth
  8204 | D:8      | Reached skill level 5 in Shields
  8204 | D:8      | Reached skill level 5 in Unarmed Combat
  8204 | D:8      | Reached skill level 5 in Spellcasting
  8204 | D:8      | Reached skill level 5 in Evocations
  8312 | D:8      | Paralysed by a hornet for 1 turns
  8315 | D:8      | Paralysed by a hornet for 3 turns
  8705 | D:8      | Noticed Harold
  8760 | D:8      | Killed Harold
  9060 | D:8      | Found a staircase to the Lair.
  9324 | D:9      | Noticed Grum
  9345 | D:9      | Killed Grum
  9720 | D:9      | Reached ***** piety under Lugonu
 10114 | D:9      | Found the +9 staff of Olgreb {rPois∞}
 10122 | D:9      | Noticed Maggie
 10139 | D:9      | Killed Maggie
 10139 | D:9      | Reached XP level 11. HP: 22/87 MP: 19/19
 10602 | D:9      | Found a runed translucent door.
 10761 | D:9      | Identified a scroll of acquirement
 10761 | D:9      | Acquired the +1 hat of Midsummer {MR++}
 10818 | D:9      | Found a runed translucent gate.
 10819 | D:9      | Found a runed translucent door.
 10825 | D:9      | Found a runed translucent gate.
 10825 | D:9      | Found a runed translucent gate.
 10877 | D:9      | Reached skill level 5 in Conjurations
 10877 | D:9      | Reached skill level 5 in Hexes
 10877 | D:9      | Reached skill level 5 in Summonings
 10877 | D:9      | Reached skill level 5 in Necromancy
 10877 | D:9      | Reached skill level 5 in Translocations
 10877 | D:9      | Reached skill level 5 in Transmutations
 10877 | D:9      | Reached skill level 5 in Fire Magic
 10877 | D:9      | Reached skill level 5 in Ice Magic
 10877 | D:9      | Reached skill level 5 in Air Magic
 10877 | D:9      | Reached skill level 5 in Earth Magic
 10877 | D:9      | Reached skill level 5 in Poison Magic
 11646 | Lair:1   | Entered Level 1 of the Lair of Beasts
 12722 | Lair:1   | Noticed a four-headed hydra
 12734 | Lair:1   | Killed a four-headed hydra
 13615 | Lair:2   | Reached XP level 12. HP: 76/96 MP: 22/22
 13672 | Lair:2   | Noticed Urug
 13691 | Lair:2   | Banished Urug
 14032 | Lair:2   | Noticed a five-headed hydra
 14041 | Lair:2   | Killed a five-headed hydra
 15641 | Lair:3   | Reached skill level 10 in Fighting
 15769 | Lair:3   | Noticed an eight-headed hydra
 15778 | Lair:3   | Killed an eight-headed hydra
 15846 | Lair:3   | Noticed Sonja
 15852 | Lair:3   | Killed Sonja
 15899 | Lair:3   | Found a hole to the Spider Nest.
 15968 | Lair:3   | Found a runed translucent gate.
 15969 | Lair:3   | Found a runed translucent gate.
 15970 | Lair:3   | Found a runed translucent gate.
 15971 | Lair:3   | Noticed shin's ghost (journeyman MfSu)
 15971 | Lair:3   | Noticed Afiewiwi's ghost (journeyman MiFi)
 15971 | Lair:3   | Noticed Wizop's ghost (journeyman DsBr)
 15973 | Lair:3   | Found the +7 Singing Sword {vorpal, sonic wave}
 16184 | Lair:3   | Reached XP level 13. HP: 78/103 MP: 24/24
 16675 | Lair:3   | Found a staircase to the Shoals.
 16859 | Lair:4   | Noticed Snorg
 16910 | Lair:3   | Killed Snorg
 16910 | Lair:3   | Reached skill level 10 in Invocations
 18328 | Lair:4   | Got a smoking chain mail
 18356 | Lair:4   | Identified the +8 chain mail "Ragoin" {rF+} (You found it
                  | on level 4 of the Lair of Beasts)
 18709 | Lair:4   | Found a transporter.
 18852 | Lair:4   | Found a transporter.
 19202 | Lair:4   | Slain by an anaconda simulacrum

Illustrated notes

Levels and vault maps discovered:
D:1:      roderic_chinese_lattice_arrival, layout_rooms, item_on_display_a
D:2:      layout_loops_cross, tgw_xom, kennysheep_generic_room_10
D:3:      layout_loops_cross, dancing_weapons_uskayaw,
          grunt_temple_overflow_open
D:4:      layout_layer_cave, minmay_ogre_servants, uniq_crazy_yiuf_cottage,
          uniq_menkaure
D:5:      layout_rooms, serial_shops, shop_scrolls, uniq_eustachio,
          uniq_grinder, uniq_duvessa
D:6:      layout_cave_pools, nicolae_tso_besieged_by_evil
D:7:      layout_gridville, lemuel_blue_sif_altar, minmay_temple_entry_grid,
          serial_shops, shop, worms_lemuel, uniq_joseph
D:8:      layout_rooms, grunt_lair_entry_orc_guard_hut, uniq_harold
D:9:      cheibrodos_iron_armory, layout_layer_cave, serial_glass,
          glass_columns_b, glass_columns_c,
          minmay_guarded_unrand_staff_of_olgreb, uniq_grum, uniq_maggie
Lair:1:   layout_regular_city, portal_ice_cave_entry_pillars_1,
          grunt_megastairs_1
Lair:2:   layout_chaotic_city, uniq_urug
Lair:3:   layout_hall_layers, minmay_shoals_entry_hut, dummy_spider_entry,
          gammafunk_ghost_cemetery, uniq_sonja
Lair:4:   gammafunk_cloud_chamber, layout_misc_corridors, serial_bayou_shore_a,
          infiniplex_staircase_pool_2, uniq_snorg

Skill      XL: |  1  2  3  4  5  6  7  8  9 10 11 12 13 |
---------------+----------------------------------------+-----
Short Blades   | 1 2 3 4 5 6 7 8 |  8.4
Long Blades    | 1 2 3 4 5 6 7 8 |  8.4
Maces & Flails | 1 2 3 4 5 6 7 8 |  8.4
Polearms       | 1 2 3 4 5 6 7 8 |  8.4
Staves         | 1 2 3 4 5 6 7 8 |  8.4
Slings         | 1 2 3 4 5 6 7 8 |  8.4
Bows           | 1 2 3 4 5 6 7 8 |  8.4
Crossbows      | 1 2 3 4 5 6 7 8 |  8.4
Throwing       | 1 2 3 4 5 6 7 8 |  8.4
Stealth        | 1 2 3 4 5 6 7 8 |  8.4
Shields        | 1 2 3 4 5 6 7 8 |  8.4
Unarmed Combat | 1 2 3 4 5 6 7 8 |  8.4
Spellcasting   | 1 2 3 4 5 6 7 8 |  8.4
Evocations     | 1 2 3 4 5 6 7 8 |  8.4
Conjurations   | 1 2 3 4 5 6 7 |  7.0
Hexes          | 1 2 3 4 5 6 7 |  7.0
Summonings     | 1 2 3 4 5 6 7 |  7.0
Necromancy     | 1 2 3 4 5 6 7 |  7.0
Translocations | 1 2 3 4 5 6 7 |  7.0
Transmutations | 1 2 3 4 5 6 7 |  7.0
Fire Magic     | 1 2 3 4 5 6 7 |  7.0
Ice Magic      | 1 2 3 4 5 6 7 |  7.0
Air Magic      | 1 2 3 4 5 6 7 |  7.0
Earth Magic    | 1 2 3 4 5 6 7 |  7.0
Poison Magic   | 1 2 3 4 5 6 7 |  7.0
Dodging        | 3 4 5 6 7 8 |  8.9
Invocations    | 5 6 7 8 9 10 | 10.3
Axes           | 5 6 7 8 9 |  9.6
Armour         | 5 6 7 8 9 |  9.6
Fighting       | 7 8 9 10 | 10.6

Action                   |  1- 3 |  4- 6 |  7- 9 | 10-12 | 13-15 || total
-------------------------+-------+-------+-------+-------+-------++-------
Melee: Hand axe          |    85 |   167 |   100 |       |       ||   352
       Bite              |     8 |    27 |    50 |   102 |    30 ||   217
       Punch             |     1 |     1 |     1 |     9 |    12 ||    24
       Quarterstaff      |       |       |   269 |   368 |       ||   637
       Staff             |       |       |       |   355 |   195 ||   550
Throw: Dart              |       |     7 |    25 |    10 |       ||    42
Invok: Depart the Abyss  |     1 |       |       |       |       ||     1
       Bend Space        |       |       |       |     1 |     4 ||     5
       Banish            |       |       |       |     1 |       ||     1
  Use: Scroll            |     6 |     3 |     2 |    12 |     2 ||    25
       Potion            |       |     2 |     1 |     3 |     8 ||    14
 Stab: Petrifying        |       |       |     2 |       |       ||     2
       Confused          |       |       |     1 |       |       ||     1
Armor: Ring mail         |     2 |       |       |       |       ||     2
       Chain mail        |    56 |    96 |   199 |       |    46 ||   397
       Skin              |       |       |    25 |       |       ||    25
       Plate armour      |       |       |    71 |   583 |   100 ||   754
Dodge: Dodged            |    46 |    92 |   208 |   412 |   130 ||   888
Block: Other             |       |       |       |   205 |    52 ||   257
       Reflection        |       |       |       |     3 |       ||     3

Table legend: (Time is in decaauts)
 A = Elapsed time spent in this place.
 B = Non-inter-level travel time spent in this place.
 C = Inter-level travel time spent in this place.
 D = Time resting spent in this place.
 E = Time spent auto-exploring this place.
 F = Levels seen in this place.
 G = Mean time per level.
                   A        B        C        D        E       F      G
               +--------+--------+--------+--------+--------+-----+--------+
         Total |  19335 |  18927 |    408 |   4427 |  11072 |  14 | 1381.1 |
       Dungeon |  12056 |  11787 |    269 |   2251 |   7147 |   9 | 1339.6 |
          Lair |   7199 |   7060 |    139 |   2176 |   3871 |   4 | 1799.8 |
         Abyss |     80 |     80 |      0 |      0 |     54 |   1 |   80.0 |
               +--------+--------+--------+--------+--------+-----+--------+

Top non-repeatable levels by time:
     D:9: 2377 daAuts
     D:4: 2151 daAuts
  Lair:2: 1883 daAuts
  Lair:4: 1857 daAuts
  Lair:3: 1836 daAuts
     D:7: 1666 daAuts
  Lair:1: 1621 daAuts
     D:8: 1595 daAuts
     D:5: 1004 daAuts
     D:6: 986 daAuts
     D:2: 937 daAuts
     D:1: 713 daAuts
     D:3: 623 daAuts
 Abyss:1: 80 daAuts
